 Dungeon Crawl Stone Soup version 0.23.2-33-g5129a83184 (webtiles) character file.

Game seed: 11300680642522105534

88 Descartes the Shield-Bearer (level 4, -2/36 HPs)
             Began as a Formicid Fighter on June 28, 2019.
             Was an Initiate of Cheibriados.
             Killed by nerve-wracking pain
             ... invoked by Grinder
              (4 damage)
             ... on level 3 of the Dungeon.
             The game lasted 00:04:01 (1748 turns).

Descartes the Shield-Bearer (Formicid Fighter)      Turns: 1748, Time: 00:04:02

Health: -2/36      AC:  6    Str: 21    XL:     4   Next: 81%
Magic:  4/4        EV:  8    Int:  9    God:    Cheibriados [......]
Gold:   152        SH:  9    Dex: 12    Spells: 3/3 levels left

rFire    . . .     SeeInvis +   a - +0 war axe
rCold    . . .     Gourm    .   c - +0 shield
rNeg     . . .     Faith    .   b - +0 scale mail
rPois    .         Spirit   .   (helmet unavailable)
rElec    .         Reflect  .   (no cloak)
rCorr    .         Harm     .   (no gloves)
MR       .....                  (no boots)
Stlth    ..........             (no amulet)
HPRegen  0.12/turn              e - ring of flight
MPRegen  0.09/turn              (no ring)

@: very slow
A: permanent stasis, dig shafts and tunnels, four strong arms, antennae 3
a: Dig, Shaft Self, Bend Time, Renounce Religion, Evoke Flight


You were on level 3 of the Dungeon.
You worshipped Cheibriados.
Cheibriados was noncommittal.
You were hungry.

You visited 1 branch of the dungeon, and saw 3 of its levels.

You collected 152 gold pieces.

Inventory:

Hand Weapons
 a - a +0 war axe (weapon)
Missiles
 r - 3 poisoned needles
 s - 35 stones (quivered)
Armour
 b - a +0 scale mail (worn)
 c - a +0 shield (worn)
Jewellery
 e - a ring of flight (left hand)
 l - a cursed -2 ring of evasion {unknown}
Scrolls
 g - a scroll of immolation {unknown}
 h - 2 scrolls of amnesia {unknown}
 j - a scroll of noise {unknown}
 m - 2 scrolls of fog {unknown}
 n - a scroll of fear {unknown}
 o - 2 scrolls of remove curse {unknown}
 p - a scroll of random uselessness {unknown}
 q - a scroll of identify {unknown}
 u - 3 scrolls of teleportation {unknown}
Potions
 d - a potion of might
 i - a potion of degeneration {unknown}
 k - a potion of resistance {unknown}
 t - a potion of flight {unknown}
 w - a potion of heal wounds {unknown}
 x - a potion of curing {unknown}
Comestibles
 f - 4 rations


   Skills:
 + Level 3.6 Fighting
 * Level 2.8 Axes
 + Level 3.5 Armour
 + Level 0.9 Dodging
 + Level 1.6 Stealth
 * Level 4.3 Shields
 + Level 1.2 Evocations


You had 3 spell levels left.
You didn't know any spells.
Your spell library was empty.

Dungeon Overview and Level Annotations

Branches:
Dungeon (3/15)

Altars:
Cheibriados
Makhleb
Nemelex Xobeh

Annotations:
D:3 Grinder


Innate Abilities, Weirdness & Mutations

You cannot be hasted, slowed, berserked, paralysed or teleported.
You can dig through walls and to a lower floor.
Your four strong arms can wield two-handed weapons with a shield.
You have a pair of large antennae on your head. (SInv)


Message History

Grinder is moderately wounded.
Grinder hits you but does no damage. You block Grinder's attack.
You closely miss Grinder.
Grinder is moderately wounded.
Grinder gestures at you. You resist with significant effort.
You hit Grinder but do no damage.
Grinder is moderately wounded.
Grinder closely misses you. Grinder hits you.
* * * LOW HITPOINT WARNING * * *
You writhe in agony.
* * * LOW HITPOINT WARNING * * *
You hit Grinder.
Grinder is moderately wounded.
You block Grinder's attack.
Are you sure you want to shaft yourself?
You are feeling hungry.
Grinder gestures at you. Pain shoots through your body!
You die...

#........###.#
.......
#...###.#..#.#
####..# ....
...#...# #..
##. #####..##
#.. #
###.?#######
#...........
#.#.####.###
#.#)# #.#@##
#..5.# #.....#
#........
#.....##.#
.....## #
.......
.####... ..
...##


You could see Grinder.

Vanquished Creatures
  4 adders
  5 dart slugs
  3 leopard geckos
  2 giant cockroaches (D:1)
  4 goblins
  2 hobgoblins (D:1)
  3 jackals (D:3)
  9 kobolds
  A quokka (D:2)
  3 bats
  4 rats
40 creatures vanquished.

Notes
Turn   | Place    | Note
-------+----------+-------------------------------------------
     0 | D:1      | Descartes the Formicid Fighter began the quest for the Orb.
     0 | D:1      | Reached XP level 1. HP: 18/18 MP: 1/1
     4 | D:1      | Noticed an electric eel
   180 | D:1      | Reached XP level 2. HP: 24/24 MP: 2/2
   584 | D:1      | Reached skill level 1 in Stealth
   711 | D:2      | Reached XP level 3. HP: 29/29 MP: 3/3
   775 | D:2      | Found a burning altar of Makhleb.
   806 | D:2      | Reached skill level 4 in Shields
   859 | D:2      | Reached skill level 1 in Evocations
  1206 | D:2      | Reached XP level 4. HP: 33/35 MP: 4/4
  1261 | D:2      | Found a snail-covered altar of Cheibriados.
  1270 | D:2      | Became a worshipper of Cheibriados the Contemplative
  1479 | D:2      | Found a sparkling altar of Nemelex Xobeh.
  1715 | D:3      | Noticed Grinder
  1748 | D:3      | Killed from afar by Grinder

Skill      XL: |  1  2  3 |
---------------+----------+-----
Stealth        | 1 |  1.6
Shields        | 4 |  4.3
Evocations     | 1 |  1.2
Fighting       | |  3.6
Axes           | |  2.8
Armour         | |  3.5
Dodging        | |  0.9

Action                   |  1- 3 |  4- 6 || total
-------------------------+-------+-------++-------
Melee: War axe           |    61 |    60 ||   121
 Abil: Shaft Self        |       |     1 ||     1
  Eat: Chunk             |     1 |     2 ||     3
Armor: Scale mail        |    21 |    25 ||    46
Dodge: Dodged            |    25 |    17 ||    42
Block: Shield            |    43 |    38 ||    81
